 Dungeon Sprint DCSS version 0.19-a0-1922-g1e9a4c1 (webtiles) character file.

2725 LORDOFBUTT the Protected (level 9, 0/93 HPs)
             Began as a Minotaur Fighter on Oct 24, 2016.
             Was an Elder of Makhleb.
             Slain by a battleaxe of chopping (18 damage)
             ... in the Dungeon (Sprint V: "Ziggurat Sprint").
             The game lasted 00:02:38 (236 turns).

LORDOFBUTT the Protected (Minotaur Fighter)          Turns: 236, Time: 00:02:39

Health: 0/93       AC: 27    Str: 41    XL:     9   Next: 40%
Magic:  15/15      EV:  7    Int:  5    God:    Makhleb [****..]
Gold:   0          SH:  0    Dex: 11    Spells: 0 memorised, 8 levels left

rFire  x . .     SeeInvis .     y - +10 dark maul {crush}
rCold  . . .     Gourm    .     J - +5 crystal plate armour
rNeg   . . .     Faith    .     (shield currently unavailable)
rPois  .         Spirit   .     (helmet restricted)
rElec  +         Reflect  .     (no cloak)
rCorr  .         Harm     +     (no gloves)
MR     .....     NoTele   +     (no boots)
Stlth  ..........               L - amulet of Cestrij {Harm *Drain +Blink rElec rF- Str+6}
                                E - +6 ring of strength
                                D - +6 ring of strength

@: no status effects
A: retaliatory headbutt, horns 2
a: Minor Destruction, Lesser Servant of Makhleb, Major Destruction, Renounce
Religion, Evoke Blink


You were in the Dungeon.
You worshipped Makhleb.
Makhleb was greatly pleased with you.
You were not hungry.

You visited 1 branch

Inventory:

Hand Weapons
 y - the +10 dark maul (weapon) {crush}
   (You found it in the Dungeon)

   It inflicts extra damage upon your enemies.
Armour
 b - a +0 scale mail
 J - a +5 crystal plate armour (worn)
Rods
 K - a +9 rod of shadows (11/11)
   (You found it in the Dungeon)
Jewellery
 c - a +6 ring of dexterity
 A - a +6 ring of dexterity
 B - a +6 ring of intelligence
 C - a +6 ring of intelligence
 D - a +6 ring of strength (left hand)
 E - a +6 ring of strength (right hand)
 L - the amulet of Cestrij (around neck) {Harm *Drain +Blink rElec rF- Str+6}
   (You found it in the Dungeon)

   [amulet of harm]

   It increases damage dealt and taken.
   It affects your strength (+6).
   It makes you vulnerable to fire.
   It insulates you from electricity.
   It lets you blink.
   It causes draining when unequipped.
Wands
 F - a wand of disintegration (7/24)
 G - a wand of iceblast (5/15)
 H - a wand of lightning (5/15)
 I - a wand of acid (5/15)
Scrolls
 k - 4 scrolls of blinking
 q - 4 scrolls of amnesia
 r - 3 scrolls of recharging
 s - 7 scrolls of fog
 t - a scroll of holy word
 u - 5 scrolls of identify
 v - 5 scrolls of remove curse
 w - 2 scrolls of fear
Potions
 d - 6 potions of might
 e - 10 potions of curing
 g - 10 potions of heal wounds
 h - 8 potions of haste
 i - 7 potions of magic
 j - 3 potions of berserk rage
 l - 2 potions of brilliance
 m - 2 potions of invisibility
 n - 4 potions of resistance
 o - a potion of experience
 p - 5 potions of agility
Miscellaneous
 a - a disc of storms
Comestibles
 f - 5 bread rations
 x - 42 fruits
 z - 4 meat rations


   Skills:
 + Level 13.2 Fighting
 + Level 12.9 Maces & Flails
 + Level 13.2 Armour
   Level 3.6 Shields
 + Level 10.1 Evocations


You had 8 spell levels left.
You didn't know any spells.

Dungeon Overview and Level Annotations

Branches:
Dungeon (1/1)

Altars:
Ashenzari
Cheibriados
Dithmenos
Elyvilon
Fedhas
Gozag
Hepliaklqana
Kikubaaqudgha
Makhleb
Nemelex Xobeh
Okawaru
Qazlal
Ru
Sif Muna
Trog
Uskayaw
Vehumet
Xom
Yredelemnul
Zin
The Shining One
Beogh
Jiyva
Lugonu


Innate Abilities, Weirdness & Mutations

You reflexively headbutt those who attack you in melee.
You have a pair of horns on your head.


Message History

You hear a mighty clap of thunder!
The bolt of lightning misses the deep elf knight.
The bolt of lightning hits the deep elf knight.
The deep elf knight is moderately wounded.
The deep elf knight points at you and mumbles some strange words.
The stone arrow hits you!
A demon appears!
It doesn't seem very happy.
You can no longer summon a greater servant of Makhleb.
The deep elf knight shoots an arrow.
The arrow barely misses you.
You closely miss the cacodemon. Your headbutt misses the cacodemon.
The battleaxe of chopping hits you!
* * * LOW HITPOINT WARNING * * *
x2 The cacodemon hits you but does no damage.
The cacodemon completely misses you. The cacodemon closely misses you.
You furiously retaliate!
You headbutt the cacodemon, but do no damage.
The cacodemon hits you but does no damage.
The battleaxe of chopping hits you!
You die...

▓..|?[..▓
▓..[=|..▓
▓.......▓
▓..E....▓
▓...eE..▓
...e...
▓.▓e(2▓.▓
▓...@...▓
▓▓▓▓▓▓▓▓▓


You could see a cacodemon, 3 deep elf knights, 2 earth elementals and a
battleaxe of chopping.

Vanquished Creatures
  An ugly thing (D)
  3 toenail golems (D)
  A jumping spider (D)
  2 tarantellas (D)
  4 insubstantial wisps (D)
  A porcupine (shapeshifter) (D)
  A black bear (shapeshifter) (D)
  A phantom (D)
  2 scorpions (D)
  An adder (shapeshifter) (D)
  A bat skeleton (D)
18 creatures vanquished.

Notes
Turn   | Place    | Note
-------+----------+-------------------------------------------
     0 | D        | LORDOFBUTT the Minotaur Fighter began the quest for the Orb.
     0 | D        | Reached XP level 1. HP: 19/19 MP: 0/0
     0 | D        | Found a blossoming altar of Fedhas.
     1 | D        | Found a deep blue altar of Sif Muna.
     1 | D        | Found a sacrificial altar of Ru.
     1 | D        | Found a bloodstained altar of Trog.
     1 | D        | Found a stormy altar of Qazlal.
     1 | D        | Found an iron altar of Okawaru.
     1 | D        | Found a sparkling altar of Nemelex Xobeh.
     3 | D        | Found an ancient bone altar of Kikubaaqudgha.
     3 | D        | Found a viscous altar of Jiyva.
     3 | D        | Found a corrupted altar of Lugonu.
     3 | D        | Found a hazy altar of Hepliaklqana.
     3 | D        | Found a burning altar of Makhleb.
     3 | D        | Found an opulent altar of Gozag.
    96 | D        | Became a worshipper of Makhleb the Destroyer
   104 | D        | Entered arena 1.
   104 | D        | Noticed a phantom
   107 | D        | Killed a phantom
   107 | D        | Reached skill level 5 in Maces & Flails
   107 | D        | Reached XP level 2. HP: 30/30 MP: 0/3
   107 | D        | Reached XP level 3. HP: 37/37 MP: 0/4
   107 | D        | Reached XP level 4. HP: 44/44 MP: 0/5
   166 | D        | Entered arena 2.
   166 | D        | Noticed a toenail golem
   166 | D        | Noticed a toenail golem
   166 | D        | Noticed a toenail golem
   169 | D        | Killed a toenail golem
   169 | D        | Reached * piety under Makhleb
   169 | D        | Reached XP level 5. HP: 54/57 MP: 5/8
   169 | D        | Reached XP level 6. HP: 60/64 MP: 5/9
   171 | D        | Killed a toenail golem
   171 | D        | Reached skill level 10 in Fighting
   171 | D        | Reached skill level 10 in Maces & Flails
   171 | D        | Reached skill level 10 in Armour
   171 | D        | Reached XP level 7. HP: 70/73 MP: 5/11
   174 | D        | Killed a toenail golem
   174 | D        | Reached ** piety under Makhleb
   174 | D        | Reached XP level 8. HP: 71/82 MP: 6/13
   181 | D        | Entered arena 3.
   190 | D        | Reached *** piety under Makhleb
   193 | D        | Got the amulet of Cestrij {Harm *Drain +Blink rElec rF- Str+6}
   198 | D        | Entered arena 4.
   198 | D        | Noticed a red ugly thing
   203 | D        | Killed a red ugly thing
   204 | D        | Reached XP level 9. HP: 86/91 MP: 12/15
   205 | D        | Reached **** piety under Makhleb
   209 | D        | Entered arena 5.
   209 | D        | Noticed a jumping spider
   215 | D        | Killed a jumping spider
   221 | D        | Reached skill level 10 in Evocations
   223 | D        | Reached ***** piety under Makhleb
   232 | D        | Entered arena 6.
   232 | D        | Noticed a deep elf knight
   232 | D        | Noticed a battleaxe of chopping
   232 | D        | Noticed a deep elf knight
   232 | D        | Noticed a deep elf knight
   235 | D        | Noticed a cacodemon
   236 | D        | Slain by a battleaxe of chopping

Vault maps used:
D:        sprint_v

Skill      XL: |  1  2  3  4  5  6  7  8  9 |
---------------+----------------------------+-----
Fighting       | 6 9 10 11 12 13 | 13.2
Maces & Flails | 5 8 10 12 | 12.9
Armour         | 6 9 10 11 12 13 | 13.2
Evocations     | 3 6 7 8 9 10 | 10.1
Shields        | |  3.6

Action                   |  1- 3 |  4- 6 |  7- 9 || total
-------------------------+-------+-------+-------++-------
Melee: Maul              |     2 |     3 |    23 ||    28
       Headbutt          |       |     2 |     3 ||     5
Invok: Major Destruction |       |       |     2 ||     2
       Greater Servant o |       |       |     1 ||     1
Evoke: Disc of storms    |       |       |     1 ||     1
Armor: Crystal plate arm |     1 |    10 |    81 ||    92
Dodge: Dodged            |     1 |     2 |    35 ||    38
